 Dungeon Crawl Stone Soup version 0.23.0-3-gf3c87f2df8 (webtiles) character file.

Game seed: 8476404897060118305

849 mitkoXXVII the Grave Robber (level 7, -3/56 HPs)
             Began as a Mummy Necromancer on Feb 22, 2019.
             Slain by a wyvern skeleton (11 damage)
             ... on level 6 of the Dungeon.
             The game lasted 00:23:18 (7079 turns).

mitkoXXVII the Grave Robber (Mummy Necromancer)     Turns: 7079, Time: 00:23:20

Health: -3/56      AC:  3    Str: 12    XL:     7   Next: 69%
Magic:  10/13      EV: 12    Int: 16    God:
Gold:   67         SH:  0    Dex: 12    Spells: 5/14 levels left

rFire    x . .     SeeInvis .   u - +0 bardiche
rCold    + . .     Gourm    .   (shield currently unavailable)
rNeg     + + +     Faith    .   a - +0 robe
rPois    ∞         Spirit   .   c - +0 helmet (curse)
rElec    .         Reflect  .   (no cloak)
rCorr    .         Harm     .   (no gloves)
MR       .....                  (no boots)
Stlth    ++........             (no amulet)
HPRegen  0.18/turn              (no ring)
MPRegen  0.13/turn              (no ring)

@: no status effects
A: no food or potions, fire vulnerability, cold resistance 1, negative energy
resistance 3, torment resistance, unbreathing
a: no special abilities


You were on level 6 of the Dungeon.
You were not hungry.

You visited 2 branches of the dungeon, and saw 7 of its levels.

You collected 184 gold pieces.
You spent 117 gold pieces at shops.

Inventory:

Hand Weapons
 f - a +0 dagger
 p - a +6 dagger of draining
 q - a +0 hunting sling
 u - a +0 bardiche (weapon)
 v - a +0 trident
 A - a cursed -2 dagger
Missiles
 g - 3 tomahawks (quivered)
 h - 140 stones
 i - 38 bolts
 j - 16 sling bullets
 w - 3 javelins
Armour
 a - a +0 robe (worn)
 c - a cursed +0 helmet (worn)
 r - a cursed -1 chain mail
Jewellery
 k - a +3 ring of strength {unknown}
 y - the ring "Vurchurcha" {rC+ AC+3 Int+6, unknown}
   (You found it on level 5 of the Dungeon)

   [ring of protection]

   It affects your AC (+3).
   It affects your intelligence (+6).
   It protects you from cold.
 z - a +4 ring of dexterity {unknown}
Wands
 s - a wand of random effects (21)
 t - a wand of flame (16)
Scrolls
 b - 2 scrolls of fear {unknown}
 d - 3 scrolls of fog {unknown}
 e - 6 scrolls of identify {unknown}
 l - a scroll of blinking {unknown}
 m - 3 scrolls of immolation {unknown}
 n - 2 scrolls of enchant weapon {unknown}
 o - a scroll of remove curse {unknown}
 x - a scroll of noise {unknown}


   Skills:
 + Level 5.6 Fighting
 + Level 3.0 Polearms
 - Level 1.5 Dodging
 - Level 1.5 Stealth
 - Level 4.0 Spellcasting
 - Level 6.0 Necromancy


You had 5 spell levels left.
You knew the following spells:

 Your Spells              Type           Power        Failure   Level  Hunger
a - Pain                  Necr           ###.         1%          1    N/A
b - Animate Skeleton      Necr           N/A          1%          1    N/A
c - Vampiric Draining     Necr           ###.......   4%          3    N/A
d - Animate Dead          Necr           N/A          14%         4    N/A

Your spell library contained the following spells:

 Spells                   Type           Power        Failure   Level  Hunger
 Regeneration             Chrm/Necr      Unusable     N/A         3    N/A

Dungeon Overview and Level Annotations

Branches:
Dungeon (6/15)             Temple (1/1) D:5

Altars:
Ashenzari
Cheibriados
Elyvilon
Fedhas
Gozag
Hepliaklqana
Kikubaaqudgha
Makhleb
Nemelex Xobeh
Okawaru
Qazlal
Ru
Sif Muna
Trog
Vehumet
Wu Jian
Xom
Yredelemnul
Zin
The Shining One

Shops:
D:4 (

Annotations:
D:5 Grinder


Innate Abilities, Weirdness & Mutations

You do not eat or drink.
Your flesh is vulnerable to fire.
You are immune to poison.
Your flesh is cold resistant. (rC+)
You are immune to negative energy. (rN+++)
You are immune to unholy pain and torment.
You can survive without breathing.


Message History

* * * LOW HITPOINT WARNING * * *
The wyvern skeleton misses you.
There is a stone staircase leading up here.
The wyvern skeleton bites you!
* * * LOW HITPOINT WARNING * * *
The wyvern skeleton bites you but does no damage.
Found 15 gold pieces.
The wyvern skeleton closely misses you. The wyvern skeleton barely misses you.
The wyvern skeleton bites you but does no damage.
You see here 15 gold pieces.
Found 4 gold pieces.
The wyvern skeleton barely misses you. The wyvern skeleton barely misses you.
The wyvern skeleton barely misses you. The ogre closely misses you.
The wyvern skeleton barely misses you. The wyvern skeleton bites you.
* * * LOW HITPOINT WARNING * * *
The wyvern skeleton bites you!
You die...

#....$...#
#........#
#........#######
#..........$...####
#.................
######..........#
#..........#
###.......l..#
#.......O.Z@.#
#...########.#
#...# .# #...# .#
#...# .# #...# .#
#...# (# ##### .#


You could see an ogre, an iguana and a wyvern skeleton.

Vanquished Creatures
  An ogre (D:4)
  2 phantoms (D:4)
  A howler monkey (D:4)
  A hound (D:4)
  A bullfrog skeleton (D:5)
  3 worker ants (D:4)
  3 gnolls (D:3)
  A howler monkey zombie (D:4)
  6 adders
  2 oozes (D:3)
  2 worms
  A dart slug (D:3)
  4 leopard geckos
  An orc (D:4)
  4 giant cockroaches
  8 goblins
  11 hobgoblins
  2 jackals (D:2)
  2 ball pythons
  A ball python skeleton (D:4)
  5 bats
  4 frilled lizards
  A jackal skeleton (D:4)
  9 kobolds
  11 rats
87 creatures vanquished.

Vanquished Creatures (collateral kills)
  Prince Ribbit (D:5)
  An ogre (D:4)
  A gnoll (D:1)
  An adder (D:3)
  An ooze (D:2)
  2 dart slugs
  3 goblins
  A kobold (D:1)
  A rat (D:1)
12 creatures vanquished.

Grand Total: 99 creatures vanquished

Notes
Turn   | Place    | Note
-------+----------+-------------------------------------------
     0 | D:1      | mitkoXXVII the Mummy Necromancer began the quest for the
                  | Orb.
     0 | D:1      | Reached XP level 1. HP: 13/13 MP: 4/4
    12 | D:1      | Learned a level 1 spell: Animate Skeleton
   438 | D:1      | Reached XP level 2. HP: 20/20 MP: 4/6
   553 | D:1      | Reached skill level 1 in Fighting
   738 | D:1      | Reached XP level 3. HP: 26/26 MP: 7/7
   743 | D:1      | Learned a level 3 spell: Vampiric Draining
  1406 | D:2      | Found a burning altar of Makhleb.
  1412 | D:2      | Found a glowing silver altar of Zin.
  1412 | D:2      | Noticed an angel
  1412 | D:2      | Noticed a blizzard demon
  1632 | D:2      | Found a sparkling altar of Nemelex Xobeh.
  1632 | D:2      | Found a stormy altar of Qazlal.
  1634 | D:2      | Found a radiant altar of Vehumet.
  1717 | D:2      | Found a blossoming altar of Fedhas.
  1932 | D:2      | Found a shimmering altar of Xom.
  2295 | D:2      | Reached XP level 4. HP: 32/33 MP: 9/9
  2297 | D:2      | Found a white marble altar of Elyvilon.
  2811 | D:3      | Learned a level 4 spell: Animate Dead
  2944 | D:3      | Found a hazy altar of Hepliaklqana.
  3065 | D:3      | Found a shattered altar of Ashenzari.
  3073 | D:3      | Reached skill level 5 in Necromancy
  3073 | D:3      | Reached XP level 5. HP: 32/39 MP: 11/11
  3469 | D:4      | Noticed a phantom
  3631 | D:4      | Found Yskoet's Weapon Shoppe.
  3694 | D:4      | Found an opulent altar of Gozag.
  3704 | D:4      | Noticed a phantom
  3705 | D:4      | Noticed an ogre
  3714 | D:4      | Killed an ogre
  3714 | D:4      | Reached XP level 6. HP: 37/48 MP: 12/12
  4038 | D:4      | Bought a +0 bardiche for 117 gold pieces
  4061 | D:4      | Reached skill level 6 in Necromancy
  4331 | D:4      | Reached skill level 1 in Polearms
  4331 | D:4      | Reached XP level 7. HP: 55/55 MP: 9/13
  4934 | D:4      | Reached skill level 5 in Fighting
  5355 | D:5      | Entered Level 5 of the Dungeon
  5401 | D:5      | Got a vibrating bronze ring
  5559 | D:5      | Noticed Grinder
  5564 | D:5      | Paralysed by Grinder for 3 turns
  5573 | D:5      | Paralysed by Grinder for 5 turns
  5671 | D:5      | Paralysed by Grinder for 3 turns
  5850 | D:5      | Noticed Prince Ribbit
  6479 | D:5      | Killed Prince Ribbit
  6686 | D:5      | Found a staircase to the Ecumenical Temple.
  6694 | Temple   | Entered the Ecumenical Temple
  7079 | D:6      | Slain by a wyvern skeleton

Skill      XL: |  1  2  3  4  5  6  7 |
---------------+----------------------+-----
Spellcasting   | 3 4 |  4.0
Fighting       | 1 2 3 4 5 |  5.6
Necromancy     | 5 6 |  6.0
Polearms       | 1 3 |  3.0
Dodging        | |  1.5
Stealth        | |  1.5

Action                   |  1- 3 |  4- 6 |  7- 9 || total
-------------------------+-------+-------+-------++-------
Melee: Unarmed           |    11 |       |       ||    11
       Dagger            |    90 |   163 |       ||   253
       Bardiche          |       |    11 |    73 ||    84
 Cast: Pain              |    54 |    15 |    16 ||    85
       Animate Skeleton  |    13 |     8 |       ||    21
       Vampiric Draining |     3 |     5 |     8 ||    16
       Animate Dead      |       |     8 |     6 ||    14
 Stab: Sleeping          |     2 |     2 |     3 ||     7
       Distracted        |       |     2 |       ||     2
Armor: Robe              |    22 |    19 |    13 ||    54
Dodge: Dodged            |    68 |   108 |    76 ||   252
